 Dungeon Crawl Stone Soup version 0.29-a0-284-gf9362112df (webtiles) character file.

Game seed: 8857717076386129048

25 being54 the Sneak (level 2, -2/13 HPs)
             Began as a Spriggan Enchanter on Mar 23, 2022.
             Slain by a goblin
             ... wielding a +0 club
             ... led by Robin
              (5 damage)
             ... on level 2 of the Dungeon.
             The game lasted 00:01:47 (798 turns).

being54 the Sneak (Spriggan Enchanter)               Turns: 798, Time: 00:01:48

Health: -2/13      AC:  2    Str:  4    XL:     2   Next: 82%
Magic:  6/6        EV: 17    Int: 16    God:
Gold:   27         SH:  0    Dex: 15    Spells: 4/6 levels left

rFire   . . .      SeeInvis +   a - +1 dagger
rCold   . . .      Faith    .   (no shield)
rNeg    . . .      Spirit   .   b - +0 robe
rPois   .          Reflect  .   (helmet restricted)
rElec   .          Harm     .   (no cloak)
rCorr   .          Rampage  .   (gloves unavailable)
Will    .....                   (boots unavailable)
Stlth   +++.......              (no amulet)
HPRegen 0.04/turn               (no ring)
MPRegen 0.10/turn               (no ring)

@: very quick
A: very small, no large weapons, unfitting armour, see invisible, speed 3
a: no special abilities


You were on level 2 of the Dungeon.
You visited 1 branch of the dungeon, and saw 2 of its levels.

You collected 27 gold pieces.

Inventory:

Hand Weapons
 a - a +1 dagger (weapon)
Armour
 b - a +0 robe (worn)
Scrolls
 g - a scroll of noise {unknown}
Potions
 c - 2 potions of invisibility
 d - 2 potions of attraction {unknown}
 e - a potion of heal wounds {unknown}
 f - a potion of lignification {unknown}


   Skills:
 - Level 1.1 Short Blades
 - Level 2.6 Dodging
 + Level 6.3 Stealth
 - Level 2.6 Spellcasting
 - Level 3.6 Hexes


You had 4 spell levels left.
You knew the following spells:

 Your Spells              Type           Power      Damage    Failure   Level
a - Ensorcelled Hibernat  Hex/Ice        14%        N/A       14%         2

Your spell library contained the following spells:

 Spells                   Type           Power      Damage    Failure   Level
 Confusing Touch          Hex            13%        N/A       13%         3
 Tukima's Dance           Hex            13%        N/A       13%         3
 Passwall                 Tmut/Erth      1%         N/A       28%         2
 Dazzling Flash           Conj/Hex       14%        N/A       28%         3
 Swiftness                Air            2%         N/A       50%         3


Dungeon Overview and Level Annotations

Branches:
Dungeon (2/15)

Altars:

Annotations:
D:2 Robin


Innate Abilities, Weirdness & Mutations

You are very small and have problems with some larger weapons.
You are too small for most types of armour.
You have supernaturally acute eyesight. (SInv)
You cover ground extremely quickly. (Speed+++)


Message History

A rat comes into view.
A goblin comes into view. It is wielding a +0 club.
The helpless rat fails to defend itself.
You impale the rat!!
You kill the rat!
The goblin shouts!
You hear a shout! x3
A hobgoblin comes into view.
There are monsters nearby!
Robin, a goblin and a kobold come into view.
Robin is wielding a +1 spectral club and wearing the +1 helmet "Qaepp" {+Blink rPois Will- SInv}.
The goblin is wielding a +1 dagger of venom.
The kobold is wielding a +0 dagger of draining.
The goblin shouts!
You hear a shout! 2 goblins come into view.
The goblin shouts! x2
Robin throws the goblin at you!
A goblin comes into view. It is wielding a +3 dagger of venom.
The goblin completely misses you.
The kobold shouts!
You hit the goblin but do no damage.
Robin roars a battlecry!
The goblins go into a battle-frenzy!
A goblin comes into view. It is wielding a +0 club.
The kobold throws a stone.
The stone closely misses you. The goblin hits you with a +0 club.
A goblin comes into view. It is wielding a +0 club.
You hit the goblin.
The goblin is severely wounded.
The goblin hits you with a +0 club.
You closely miss the goblin.
The goblin is severely wounded.
The goblin hits you but does no damage.
You closely miss the goblin.
The goblin is severely wounded.
The goblin misses you.
You hit the goblin.
You kill the goblin!
Robin's horned helmet rattles.
Robin throws the goblin at you!
The kobold throws a stone.
The stone hits you.
* * * LOW HITPOINT WARNING * * *
The goblin hits you with a +0 club.
You die...

##.###.....#
#..##.....#
##.##.....#
#.##.....#
########..#.....##
#.................
#.######..........
#g# #...###.###
#@# #.#.# #.#
#######)###
#.#..##.###
......†gg.#
...........
.......gg.#
.[##..#.###
......Kgg.+
..###.#.# #
..........#
#...###
.......g... #..#..
...........#
####..#.#
........g..#
#........


You could see Robin, a hobgoblin (strong), 6 goblins and a kobold.

Vanquished Creatures
  5 endoplasms (D:1)
  A giant cockroach (D:1)
  4 goblins
  2 hobgoblins
  2 ball pythons (D:1)
  3 bats (D:1)
  3 frilled lizards
  4 rats
24 creatures vanquished.

Notes
Turn   | Place    | Note
-------+----------+-------------------------------------------
     0 | D:1      | being54 the Spriggan Enchanter began the quest for the Orb.
     0 | D:1      | Reached XP level 1. HP: 9/9 MP: 5/5
    71 | D:1      | Reached skill level 5 in Stealth
   106 | D:1      | Reached XP level 2. HP: 13/13 MP: 6/6
   117 | D:1      | Learned a level 2 spell: Ensorcelled Hibernation
   544 | D:1      | Reached skill level 6 in Stealth
   689 | D:2      | Found a faded altar of an unknown god.
   788 | D:2      | Identified the +1 helmet "Qaepp" {+Blink rPois Will- SInv}
   788 | D:2      | Noticed Robin
   798 | D:2      | Slain by a goblin

Illustrated notes

Levels and vault maps discovered:
D:1:      saegor_arrival_simple_a, layout_rooms, interstate_on_off
D:2:      layout_basic, shapermc_ecumenical_altar_pompeii, uniq_robin,
          uniq_jessica

Skill      XL: |  1  2 |
---------------+-------+-----
Stealth        | 5 6 |  6.3
Short Blades   | |  1.1
Dodging        | |  2.6
Spellcasting   | |  2.6
Hexes          | |  3.6

Action                   || total
-------------------------++-------
Melee: Dagger            ||    58
       Punch             ||     1
  Use: Scroll            ||     1
 Stab: Sleeping          ||    11
Armor: Robe              ||     4
Dodge: Dodged            ||    38

Table legend: (Time is in decaauts)
 A = Elapsed time spent in this place.
 B = Non-inter-level travel time spent in this place.
 C = Inter-level travel time spent in this place.
 D = Time resting spent in this place.
 E = Time spent auto-exploring this place.
 F = Levels seen in this place.
 G = Mean time per level.
                   A        B        C        D        E       F      G
               +--------+--------+--------+--------+--------+-----+--------+
         Total |    519 |    506 |     13 |      0 |    382 |   2 |  259.5 |
       Dungeon |    519 |    506 |     13 |      0 |    382 |   2 |  259.5 |
               +--------+--------+--------+--------+--------+-----+--------+

Top non-repeatable levels by time:
     D:1: 385 daAuts
     D:2: 134 daAuts
